 Dungeon Crawl Stone Soup version 0.32-a0-560-g4c7f4391e0 (webtiles) character file.

Game seed: 2615649814727815445

133 Dittersdorf the Trooper (level 5, 0/33 HPs)
             Began as a Gargoyle Fighter on Feb 29, 2024.
             Killed by divine providence
             ... invoked by an orc priest
              (14 damage)
             ... on level 4 of the Dungeon.
             The game lasted 00:02:33 (2241 turns).

Dittersdorf the Trooper (Gargoyle Fighter)          Turns: 2241, Time: 00:02:33

Health: 0/33       AC:  9    Str: 21    XL:     5   Next: 16%
Magic:  5/5        EV: 10    Int:  9    God:
Gold:   143        SH:  0    Dex:  9    Spells: 4/4 levels left

rFire   + . .        a - +0 flail
rCold   . . .        c - +0 buckler
rNeg    + . .        m - +0 ring mail {rF+}
rPois   ∞            (no helmet)
rElec   +            (no cloak)
rCorr   .            (no gloves)
SInv    +            (no boots)
Will    .....        (no amulet) Stlth
                     l - ring of see invisible
HPRegen 0.25/turn    (no ring)
MPRegen 0.09/turn

%: no passive effects
@: confused
A: sickness immunity, AC +4, negative energy resistance 1, electricity
resistance, torment resistance 1, petrification resistance
a: Convert to Beogh


You were on level 4 of the Dungeon.
You visited 1 branch of the dungeon, and saw 4 of its levels.

You collected 143 gold pieces.

Inventory:

Hand Weapons
 a - a +0 flail (weapon)
Armour
 c - a +0 buckler (worn)
 m - a +0 ring mail of fire resistance (worn)
Jewellery
 l - a ring of see invisible (left hand)
Scrolls
 b - 4 scrolls of noise {unknown}
 e - 2 scrolls of teleportation {unknown}
 g - a scroll of enchant weapon {unknown}
 h - a scroll of identify {unknown}
 i - a scroll of revelation {unknown}
 j - 2 scrolls of vulnerability {unknown}
 k - a scroll of acquirement {unknown}
Potions
 d - a potion of might
 f - 2 potions of curing {unknown}
 n - a potion of ambrosia {unknown}


   Skills:
 + Level 4.2 Fighting
 + Level 3.0 Maces & Flails
 + Level 4.2 Armour
 + Level 4.2 Shields


You had 4 spell levels left.
You didn't know any spells.
Your spell library was empty.

Dungeon Overview and Level Annotations

Branches:
Dungeon (4/15)
 Temple: D:4-7

Altars:


Innate Abilities, Weirdness & Mutations

You are immune to sickness and miasma.
Your stone body is resilient. (AC +4)
You are immune to poison.
You resist negative energy. (rN+)
You are resistant to electric shocks. (rElec)
You are resistant to unholy torment.
You are immune to petrification.


Message History

You closely miss the orc wizard.
The orc wizard is heavily wounded.
The orc wizard points at you and mumbles some strange words.
The puff of flame hits the orc wizard!
The orc wizard dies!
An orc priest comes into view. It is wielding a +0 hand axe.
You hit the orc wizard.
The orc wizard is lightly wounded.
The orc wizard hits you but does no damage.
You hit the orc wizard.
The orc wizard is lightly wounded.
The orc wizard barely misses you.
You sock the orc wizard!
The orc wizard is almost dead.
The orc wizard barely misses you.
The orc wizard points at you and mumbles some strange words.
The puff of flame hits the orc wizard!
The orc wizard dies!
You have reached level 5!
You hit the orc wizard.
The orc wizard is moderately wounded.
The orc wizard hits you with a +0 dagger.
The orc priest calls down the wrath of Beogh upon you.
Beogh smites you!
The orc priest shouts, "Surrender to Beogh and we'll let you live!" (press Y on the ability menu to convert to Beogh)
The orc wizard attacks as it pursues you!
The orc wizard hits you but does no damage.
The orc wizard attacks as it pursues you!
You block the orc wizard's attack.
The orc wizard attacks as it pursues you!
You block the orc wizard's attack.
The orc wizard attacks as it pursues you!
You block the orc wizard's attack.
The orc priest looks satisfied for a moment.
The orc wizard gestures at you while chanting.
You are confused.
The orc priest invokes the aid of Beogh against you.
Beogh smites you!
You die...

... #.# .
#o# #o# #.#
#o# #.# #o#
#o# #@# #.#
### #.# #<#
#.#######.#
#.........#
###########


You could see an orc priest, an orc wizard (invisible) and 3 orcs.

Vanquished Creatures
  A bombardier beetle (D:3)
  An iguana (D:3)
  A dart slug (D:1)
  An orc (D:3)
  7 ball pythons
  6 endoplasms
  3 hobgoblins (D:1)
  4 jackals (D:3)
  A quokka (D:2)
  7 bats
  3 frilled lizards
  6 goblins
  6 kobolds
  4 rats
51 creatures vanquished.

Vanquished Creatures (others)
  2 orc wizards (D:4)
2 creatures vanquished.

Grand Total: 53 creatures vanquished

Notes
Turn   | Place    | Note
-------+----------+-------------------------------------------
     0 | D:1      | Dittersdorf the Gargoyle Fighter began the quest for the
                  | Orb.
     0 | D:1      | Reached XP level 1. HP: 14/14 MP: 1/1
    46 | D:1      | Reached XP level 2. HP: 15/19 MP: 2/2
   494 | D:1      | Reached XP level 3. HP: 16/23 MP: 3/3
  1763 | D:3      | Reached XP level 4. HP: 17/29 MP: 4/4
  2228 | D:4      | Reached XP level 5. HP: 29/33 MP: 5/5
  2241 | D:4      | Killed from afar by an orc priest

Illustrated notes

Levels and vault maps discovered:
D:1:      minmay_arrival_radiant_lines, layout_basic, minmay_cut_off
D:2:      layout_basic
D:3:      layout_basic
D:4:      layout_basic

Skill      XL: |  1  2  3  4 |
---------------+-------------+-----
Fighting       | 4 |  4.2
Armour         | 4 |  4.2
Shields        | 4 |  4.2
Maces & Flails | 3 |  3.0

Action                     |  1- 3 |  4- 6 || total
---------------------------+-------+-------++-------
  Melee: Flail             |   142 |    23 ||   165
 Armour: Scale mail        |    70 |       ||    70
         Ring mail         |    52 |    13 ||    65
  Dodge: Dodged            |   101 |     6 ||   107
  Block: Buckler           |    38 |     5 ||    43

Table legend: (Time is in decaauts)
 A = Elapsed time spent in this place.
 B = Non-inter-level travel time spent in this place.
 C = Inter-level travel time spent in this place.
 D = Time resting spent in this place.
 E = Time spent auto-exploring this place.
 F = Levels seen in this place.
 G = Mean time per level.
                   A        B        C        D        E       F      G
               +--------+--------+--------+--------+--------+-----+--------+
         Total |   2292 |   2180 |    112 |      0 |   1761 |   4 |  573.0 |
       Dungeon |   2292 |   2180 |    112 |      0 |   1761 |   4 |  573.0 |
               +--------+--------+--------+--------+--------+-----+--------+

Top non-repeatable levels by time:
     D:3: 809 daAuts
     D:1: 726 daAuts
     D:2: 698 daAuts
     D:4: 57 daAuts
